 Dungeon Crawl Stone Soup version 0.26-a0-690-gcb57259078 (webtiles) character file.

Game seed: 14509399557332469772

10650 stormannnn the Blocker (level 11, -2/62 HPs)
             Began as a Vine Stalker Fighter on Oct 24, 2020.
             Was an Elder of Qazlal.
             Slain by an ice devil (4 damage)
             ... summoned by an orc sorcerer
             ... on level 1 of the Orcish Mines on Oct 25, 2020.
             The game lasted 00:29:27 (9409 turns).

stormannnn the Blocker (Vine Stalker Fighter)       Turns: 9409, Time: 00:29:33

Health: -2/62      AC: -2    Str: 18 (21) XL:     11   Next: 65%
Magic:  0/22       EV:  1    Int:  7 (8)  God:    Qazlal [****..]
Gold:   557        SH: 21    Dex: 13 (15) Spells: 10/10 levels left

rFire    . . .     SeeInvis .     - Unarmed
rCold    + + .     Faith    .   b - +0 kite shield
rNeg     . . .     Spirit   +   p - +0 gold dragon scales
rPois    +         Reflect  +   (no helmet)
rElec    .         Harm     .   G - scarf {repulsion}
rCorr    .         Rampage  .   q - +0 pair of gloves
MR       +....                  (no boots)
Stlth    ..........             r - amulet of reflection
HPRegen  0.60/turn              j - ring of magical power
MPRegen  0.18/turn              v - ring of ice

@: corroded, repel missiles
A: fangs 3, regeneration 1, magic shield, antimagic bite, no potion heal 3, rot
immunity
a: Upheaval, Elemental Force, Renounce Religion


You were on level 1 of the Orcish Mines.
You worshipped Qazlal.
Qazlal was greatly pleased with you.
You visited 3 branches of the dungeon, and saw 12 of its levels.

You collected 557 gold pieces.

Inventory:

Armour
 b - a +0 kite shield (worn)
 p - +0 gold dragon scales (worn)
 q - a +0 pair of gloves (worn)
 y - a +0 tower shield
 G - a scarf of repulsion (worn)
Jewellery
 j - a ring of magical power (left hand)
 r - an amulet of reflection (around neck)
 v - a ring of ice (right hand)
 z - an uncursed ring of wizardry
 D - an uncursed ring of positive energy
 E - an uncursed ring of poison resistance
 H - an uncursed ring of resist corrosion
 M - a cursed ring of attention {unknown}
Wands
 A - a wand of acid (12)
 C - a wand of random effects (31)
 F - a wand of digging (8)
 I - a wand of paralysis (30)
Scrolls
 d - 2 scrolls of fog
 e - 10 scrolls of identify
 f - 2 scrolls of enchant weapon {unknown}
 h - 6 scrolls of teleportation
 k - 5 scrolls of magic mapping
 n - 3 scrolls of amnesia
 w - a scroll of acquirement {unknown}
 x - 3 scrolls of remove curse
 B - a scroll of blinking
 L - a scroll of fear {unknown}
Potions
 a - a potion of brilliance {unknown}
 c - 4 potions of might
 g - a potion of magic
 i - 3 potions of berserk rage
 l - 2 potions of haste
 m - a potion of cancellation {unknown}
 o - 3 potions of resistance
 s - a potion of curing
 t - 2 potions of invisibility {unknown}
 u - 5 potions of heal wounds
 J - 2 potions of lignification {unknown}
 K - a potion of stabbing {unknown}


   Skills:
 + Level 9.1 Fighting
 + Level 8.3 Armour
 + Level 9.2 Shields
 + Level 7.9 Unarmed Combat
 + Level 2.0 Invocations


You had 10 spell levels left.
You didn't know any spells.
Your spell library contained the following spells:

 Spells                   Type           Power        Failure   Level
 Magic Dart               Conj           #...         100%        1
 Searing Ray              Conj           #.....       100%        2
 Confusing Touch          Hex            #.......     100%        3
 Dazzling Flash           Conj/Hex       #.....       100%        3
 Gell's Gravitas          Tloc           #.........   100%        3
 Fulminant Prism          Conj/Hex       #.........   100%        4
 Iskenderun's Mystic Bla  Conj/Tloc      #.......     100%        4
 Petrify                  Tmut/Erth      #.......     100%        4
 Summon Lightning Spire   Summ/Air       #.......     100%        4
 Metabolic Englaciation   Hex/Ice        #.........   100%        5
 Silence                  Hex/Air        #.........   100%        5
 Yara's Violent Unravell  Hex/Tmut       #.........   100%        5
 Conjure Ball Lightning   Conj/Air       #.........   100%        6
 Tornado                  Air            #.........   100%        9


Dungeon Overview and Level Annotations

Branches:
Dungeon (10/15)            Temple (1/1) D:4            Lair (0/6) D:10
    Orc (1/2) D:9

Altars:
Ashenzari
Cheibriados
Dithmenos
Elyvilon
Fedhas
Gozag
Hepliaklqana
Kikubaaqudgha
Makhleb
Nemelex Xobeh
Okawaru
Qazlal
Ru
Sif Muna
Trog
Uskayaw
Vehumet
Wu Jian
Xom
Yredelemnul
Zin
The Shining One

Shops:
D:4 *

Annotations:
D:4 2 transporters
D:10 2 runed translucent doors


Innate Abilities, Weirdness & Mutations

You have razor-sharp teeth.
Your natural rate of healing is unusually fast.
When hurt, damage is shared between your health and your magic reserves.
Your bite disrupts and absorbs the magic of your enemies.
Potions cannot restore your health.
You are immune to rotting.


Message History

Your bite misses the orc sorcerer.
The orc sorcerer is heavily wounded.
The hellwing is engulfed in blazing flames.
You block the hellwing's attack. x2
The orc sorcerer hits you with a +0 dagger.
You block the rust devil's attack. The ice devil hits you.
The ice devil freezes you. You resist.
Your gold dragon scales prevents you from hitting the orc sorcerer.
Your bite misses the orc sorcerer.
The orc sorcerer is moderately wounded.
The hellwing is engulfed in blazing flames.
You block the hellwing's attack. The hellwing hits you.
The orc sorcerer hits you with a +0 dagger.
* * * LOW HITPOINT WARNING * * *
The rust devil hits you.
* * * LOW HITPOINT WARNING * * *
The rust devil corrodes you! The ice devil hits you!
* * * LOW HITPOINT WARNING * * *
The ice devil freezes you. You resist.
You die...

..................
#$......>..........
.#..$#.$............
...$#...............
....................
...................
##...○............
#....4o...........
##.#§@4#..#.#....#
#☼4§####### ..##
#...# ... ##.## ##
#.. ##. ##


You could see a hellwing (summoned), an ice devil (summoned), a rust devil
(summoned) and an orc sorcerer.

Vanquished Creatures
  A hydra (D:9)
  A centaur warrior (D:10)
  3 two-headed ogres (D:10)
  Pikel (D:5)
  Prince Ribbit (D:6)
  A hornet (D:10)
  Grinder (D:6)
  A wyvern (D:10)
  A shadow (D:7)
  Eustachio (D:6)
  6 yaks
  Grum (D:8)
  Menkaure (D:4)
  A soldier ant (D:10)
  A water moccasin (D:10)
  Duvessa (D:5)
  2 sky beasts
  An ice beast (D:4)
  7 orc warriors
  A phantom (D:9)
  A necrophage (D:9)
  9 ogres
  3 wolves (D:8)
  A centaur (D:6)
  4 lemures (D:4)
  A big kobold (D:10)
  A gnoll sergeant (D:7)
  3 bullfrogs
  Dowan (D:5)
  3 jellies
  2 scorpions
  4 wights (D:10)
  6 killer bees (D:7)
  A howler monkey (D:4)
  A bullfrog zombie (D:5)
  A bullfrog skeleton (D:4)
  4 hounds
  11 orc priests
  2 centaur skeletons
  Ijyb (D:5)
  4 iguanas
  6 orc wizards
  3 worker ants
  2 hound zombies
  4 gnolls (D:7)
  6 adders
  2 shadow imps
  2 white imps
  3 ufetubi
  An ooze (D:1)
  An adder zombie (D:8)
  4 worms
  2 dart slugs (D:2)
  5 leopard geckos
  38 orcs
  A ball python (D:5)
  A bat zombie (D:2)
  10 hobgoblins
  10 jackals
  9 quokkas
  2 ball python skeletons
  8 bats
  7 frilled lizards
  15 goblins
  A jackal skeleton (D:4)
  10 kobolds
  A quokka skeleton (D:8)
  9 rats
261 creatures vanquished.

Vanquished Creatures (others)
  7 withered plants (D:5)
7 creatures vanquished.

Grand Total: 268 creatures vanquished

Notes
Turn   | Place    | Note
-------+----------+-------------------------------------------
     0 | D:1      | stormannnn the Vine Stalker Fighter began the quest for the
                  | Orb.
     0 | D:1      | Reached XP level 1. HP: 11/11 MP: 2/2
    87 | D:1      | Reached XP level 2. HP: 15/16 MP: 3/3
   813 | D:1      | Reached XP level 3. HP: 20/20 MP: 4/4
  1110 | D:2      | Found a sacrificial altar of Ru.
  1717 | D:2      | Gained mutation: Your natural rate of healing is unusually
                  | fast. [Vine Stalker growth]
  1717 | D:2      | Reached XP level 4. HP: 16/24 MP: 5/5
  1990 | D:3      | Noticed an ogre
  2045 | D:3      | Found a shimmering altar of Xom.
  2394 | D:3      | Reached XP level 5. HP: 21/28 MP: 6/6
  2561 | D:3      | Killed an ogre
  2561 | D:3      | Reached XP level 6. HP: 12/33 MP: 7/7
  2798 | D:3      | Found an ornate altar of the Wu Jian Council.
  3121 | D:4      | Found a staircase to the Ecumenical Temple.
  3258 | D:4      | Found a burning altar of Makhleb.
  3323 | D:4      | Noticed an ice beast
  3372 | Temple   | Entered the Ecumenical Temple
  3671 | Temple   | Became a worshipper of Qazlal Stormbringer
  3717 | D:4      | Killed an ice beast
  3717 | D:4      | Reached XP level 7. HP: 33/38 MP: 8/8
  3770 | D:4      | Found a transporter.
  3781 | D:4      | Noticed Menkaure
  3792 | D:4      | Killed Menkaure
  3865 | D:4      | Found a glowing golden altar of the Shining One.
  3931 | D:4      | Found Umeton's Assorted Antiques.
  3989 | D:4      | Found a transporter.
  4178 | D:5      | Entered Level 5 of the Dungeon
  4178 | D:5      | Noticed Ijyb
  4231 | D:5      | Killed Ijyb
  4409 | D:5      | Noticed Duvessa
  4410 | D:5      | Noticed Dowan
  4545 | D:5      | Found an ancient bone altar of Kikubaaqudgha.
  4575 | D:5      | Reached skill level 5 in Shields
  4603 | D:5      | Killed Duvessa
  4603 | D:5      | Reached skill level 5 in Fighting
  4603 | D:5      | Gained mutation: You have razor-sharp teeth. [Vine Stalker
                  | growth]
  4603 | D:5      | Reached XP level 8. HP: 43/43 MP: 9/9
  4609 | D:5      | Killed Dowan
  4765 | D:5      | Noticed Pikel
  4915 | D:5      | Killed Pikel
  4915 | D:5      | Reached skill level 5 in Armour
  5069 | D:6      | Noticed Grinder
  5085 | D:6      | Paralysed by Grinder for 2 turns
  5096 | D:6      | Killed Grinder
  5096 | D:6      | Reached XP level 9. HP: 48/48 MP: 10/10
  5150 | D:6      | Reached * piety under Qazlal
  5270 | D:6      | Noticed Eustachio
  5293 | D:6      | Killed Eustachio
  5489 | D:6      | Found a snail-covered altar of Cheibriados.
  5589 | D:6      | Found a hazy altar of Hepliaklqana.
  5590 | D:6      | Found a shadowy altar of Dithmenos.
  5678 | D:6      | Noticed Prince Ribbit
  5939 | D:6      | Killed Prince Ribbit
  5939 | D:6      | Reached skill level 5 in Unarmed Combat
  6384 | D:7      | Reached ** piety under Qazlal
  6529 | D:7      | Reached XP level 10. HP: 35/55 MP: 11/11
  6810 | D:8      | Found an ornate altar of the Wu Jian Council.
  6810 | D:8      | Found a broken altar of Ashenzari.
  7016 | D:8      | Noticed a +0 hand axe
  7017 | D:8      | Found a hide-covered altar of Uskayaw.
  7018 | D:8      | Noticed a +0 dagger
  7025 | D:8      | Noticed Grum
  7041 | D:8      | Killed Grum
  7564 | D:9      | Noticed a five-headed hydra
  7583 | D:9      | Killed a five-headed hydra
  7601 | D:9      | Reached *** piety under Qazlal
  7650 | D:9      | Found a staircase to the Orcish Mines.
  8171 | D:9      | Found an iron altar of Okawaru.
  8171 | D:9      | Found a bloodstained altar of Trog.
  8351 | D:10     | Entered Level 10 of the Dungeon
  8396 | D:10     | Found a staircase to the Lair.
  8419 | D:10     | Reached XP level 11. HP: 60/60 MP: 12/12
  8450 | D:10     | Found a large runed translucent door.
  8450 | D:10     | Found a large runed translucent door.
  8462 | D:10     | Noticed a centaur warrior
  8473 | D:10     | Killed a centaur warrior
  8476 | D:10     | Found a large runed translucent door.
  8476 | D:10     | Found a large runed translucent door.
  8487 | D:10     | Noticed a two-headed ogre
  8513 | D:10     | Killed a two-headed ogre
  8770 | D:10     | Noticed a two-headed ogre
  8781 | D:10     | Killed a two-headed ogre
  8904 | D:10     | Reached **** piety under Qazlal
  8904 | D:10     | Reached skill level 1 in Invocations
  9227 | D:10     | Noticed a two-headed ogre
  9237 | D:10     | Killed a two-headed ogre
  9378 | Orc:1    | Entered Level 1 of the Orcish Mines
  9384 | Orc:1    | Noticed an orc sorcerer
  9409 | Orc:1    | HP: 2/62 [ice devil[an orc sorcerer] (11)]
  9409 | Orc:1    | Slain by an ice devil

Illustrated notes

Levels and vault maps discovered:
D:1:      lightli_arrival_isolated_outpost, layout_basic
D:2:      layout_basic, old_standard_altar, minmay_cupped
D:3:      wander_river, layout_loops_cross, xom_teletrap_fun,
          lemuel_doored_altar
D:4:      gammafunk_cloud_chamber, layout_loops_ring, lemuel_round_altar,
          minmay_temple_entry_wispy, serial_shops,
          nicolae_shop_temple_entry_statues_fountains,
          nicolae_tso_carved_into_rock, uniq_menkaure
D:5:      layout_rooms, kiku_gazebo_garden_becter, uniq_ijyb, uniq_pikel,
          uniq_duvessa
D:6:      layout_loops_corners, riverfiend_overflow_shadow_ancestor,
          old_standard_altar, minmay_ogre_servants, uniq_eustachio,
          uniq_grinder, uniq_prince_ribbit1
D:7:      layout_gridville, chequers_garden, minmay_misc_feat_room
D:8:      layout_gridville, dancing_weapons_uskayaw, basic_altar,
          ashenzari_altar_1, uniq_grum
D:9:      layout_loops_ring, grunt_temple_overflow_bloody_war, david_orc_3
D:10:     layout_roguey, lair_entry_dummy, minmay_hollow_rounded_squares
Temple:   minmay_temple_curvy_loop
Orc:1:    layout_caves, basic_altar, uniq_josephine

Skill      XL: |  1  2  3  4  5  6  7  8  9 10 11 |
---------------+----------------------------------+-----
Fighting       | 3 4 5 6 7 8 9 |  9.1
Shields        | 3 4 5 6 7 8 9 |  9.2
Armour         | 3 4 5 6 7 8 |  8.3
Unarmed Combat | 3 4 5 6 7 |  7.9
Invocations    | 2 |  2.0

Action                   |  1- 3 |  4- 6 |  7- 9 | 10-12 || total
-------------------------+-------+-------+-------+-------++-------
Melee: Unarmed           |   192 |   296 |   492 |   400 ||  1380
       Bite              |    49 |    91 |   165 |   153 ||   458
Evoke: Wand              |       |       |       |     4 ||     4
  Use: Scroll            |     5 |     5 |     1 |     3 ||    14
       Potion            |       |       |       |     2 ||     2
Armor: Scale mail        |    88 |       |       |       ||    88
       Gold dragon scale |    10 |   154 |   199 |    98 ||   461
Dodge: Dodged            |    65 |     2 |    19 |    14 ||   100
Block: Kite shield       |   103 |   116 |   364 |   339 ||   922
       Other             |       |       |     3 |       ||     3
       Reflection        |       |       |     5 |     5 ||    10

Table legend: (Time is in decaauts)
 A = Elapsed time spent in this place.
 B = Non-inter-level travel time spent in this place.
 C = Inter-level travel time spent in this place.
 D = Time resting spent in this place.
 E = Time spent auto-exploring this place.
 F = Levels seen in this place.
 G = Mean time per level.
                   A        B        C        D        E       F      G
               +--------+--------+--------+--------+--------+-----+--------+
         Total |   9415 |   8949 |    466 |   1005 |   5405 |  12 |  784.6 |
       Dungeon |   9062 |   8637 |    425 |   1005 |   5215 |  10 |  906.2 |
        Temple |    322 |    282 |     40 |      0 |    185 |   1 |  322.0 |
  Orcish Mines |     30 |     30 |      0 |      0 |      5 |   1 |   30.0 |
               +--------+--------+--------+--------+--------+-----+--------+

Top non-repeatable levels by time:
     D:3: 1093 daAuts
     D:1: 1065 daAuts
    D:10: 984 daAuts
     D:6: 965 daAuts
     D:9: 965 daAuts
     D:2: 936 daAuts
     D:4: 893 daAuts
     D:7: 814 daAuts
     D:5: 757 daAuts
     D:8: 587 daAuts
  Temple: 322 daAuts
   Orc:1: 30 daAuts
